 Dungeon Sprint DCSS version 0.17-a0-963-gaa5423c (webtiles) character file.

343 ahoge the Blocker (level 6, 0/44 HPs)
             Began as a Gargoyle Fighter on May 8, 2015.
             Was a Follower of Okawaru.
             Incinerated by a mottled dragon (6 damage)
             ... with a sticky flame
             ... in the Dungeon (Sprint IX: "|||||||||||||||||||||||||||||").
             The game lasted 00:02:33 (278 turns).

ahoge the Blocker (Gargoyle Fighter)                 Turns: 278, Time: 00:02:33

Health: 0/44       AC: 20    Str: 20    XL:     6   Next: 57%
Magic:  6/6        EV:  8    Int: 14    God:    Okawaru [*.....]
Gold:   0          SH:  0    Dex: 11    Spells: 0 memorised, 5 levels left

rFire  . . .     SeeInvis .     p - +2 dire flail (holy)
rCold  . . .     Clarity  .     r - +0 plate armour
rNeg   + . .     SustAb   .     (no shield)
rPois  ∞         Gourm    .     (no helmet)
rElec  +         Spirit   .     (no cloak)
rCorr  .         Warding  .     a - +0 pair of gloves
rMut   .         NoTele   +     q - +0 pair of boots
MR     .....                    (no amulet)
Stlth  ..........               t - +3 ring of intelligence
                                s - +3 ring of intelligence

@: liquid flames, glowing, not resistant to hostile enchantments, extremely
unstealthy
A: negative energy resistance 1, electricity resistance, unbreathing,
petrification resistance, rot immunity, AC +4
a: Heroism, Renounce Religion


You were in the Dungeon.
You worshipped Okawaru.
Okawaru was aware of your devotion.
You were not hungry.

You visited 1 branch

Inventory:

Hand weapons
 p - a +2 dire flail of holy wrath (weapon)
Armour
 a - a +0 pair of gloves (worn)
 c - a +0 shield
 q - a +0 pair of boots (worn)
 r - a +0 plate armour (worn)
Jewellery
 s - a +3 ring of intelligence (left hand)
 t - a +3 ring of intelligence (right hand)
Magical devices
 o - a wand of fire (7)
Scrolls
 k - 2 scrolls of blinking
 m - 3 scrolls of remove curse
 n - 2 scrolls of amnesia
Potions
 d - a potion of might
 f - 5 potions of curing
 g - a potion of invisibility
 h - a potion of haste
 i - 4 potions of magic
Comestibles
 e - a bread ration
 l - 2 chunks of flesh


   Skills:
 + Level 7.1 Fighting
 + Level 5.1 Maces & Flails
 + Level 6.9 Armour
 + Level 5.3 Dodging
 + Level 8.6 Shields


You had 5 spell levels left.
You didn't know any spells.

Dungeon Overview and Level Annotations

Branches:
Dungeon (1/1)

Altars:
Cheibriados
Dithmenos
Elyvilon
Fedhas
Gozag
Kikubaaqudgha
Makhleb
Nemelex Xobeh
Okawaru
Qazlal
Ru
Sif Muna
Trog
Vehumet
Xom
Yredelemnul
Zin
The Shining One
Beogh
Jiyva
Lugonu


Innate Abilities, Weirdness & Mutations

You are resistant to torment.
Your stone body is resilient (AC +4).
You are immune to poison.
You resist negative energy.
You are resistant to electric shocks.
You can survive without breathing.
You are immune to petrification.
You are immune to rotting.


Message History

The mottled dragon claws you but does no damage.
You puncture the mottled dragon!
You kill the mottled dragon!
Okawaru accepts your kill.
You can now gain great but temporary skills.
Your Fighting skill increases to level 7!
Your Maces & Flails skill increases to level 5!
Your Dodging skill increases to level 5!
Your Shields skill increases to level 8!
You are covered in liquid flames!
* * * LOW HITPOINT WARNING * * *
The crimson imp hits you but does no damage.
The orc barely misses you.
You are covered in liquid flames!
* * * LOW HITPOINT WARNING * * *
The crimson imp blinks!
The orc hits you but does no damage.
There is an open door, spattered with blood here.
Your plate armour prevents you from hitting the orc.
You are covered in liquid flames!
You die...

▓.▓
▓'▓
▓÷▓
▓5▓
▓.▓
▓.▓
▓§▓
▓.▓
▓@▓
▓o▓
▓Z▓
▓s▓
▓W▓
▓.▓
▓.▓
▓+▓


You could see a wraith, a scorpion, a crimson imp, an orc and a giant gecko
zombie.

Vanquished Creatures
  A mottled dragon (D)
  A necrophage (D)
  A scorpion (D)
  A hound (D)
  An orc wizard (D)
  A worker ant (D)
  A shadow imp (D)
  4 bats (D)
  2 jackals (D)
  A kobold (D)
  A ballistomycete (D)
15 creatures vanquished.

Vanquished Creatures (others)
  An adder zombie (D)
  A bat (D)
  A giant spore (D)
3 creatures vanquished.

Grand Total: 18 creatures vanquished

Notes
Turn   | Place    | Note
--------------------------------------------------------------
     0 | D        | ahoge, the Gargoyle Fighter, began the quest for the Orb.
     0 | D        | Reached XP level 1. HP: 14/14 MP: 1/1
    13 | D        | Reached skill level 4 in Fighting
    30 | D        | Noticed an orc wizard
    30 | D        | Noticed a scorpion
    49 | D        | Killed an orc wizard
    49 | D        | Reached skill level 5 in Fighting
    49 | D        | Reached XP level 2. HP: 18/21 MP: 2/2
    49 | D        | Reached XP level 3. HP: 22/26 MP: 3/3
    61 | D        | Killed a scorpion
    61 | D        | Reached skill level 5 in Armour
    61 | D        | Reached skill level 6 in Shields
    61 | D        | Reached XP level 4. HP: 22/31 MP: 4/4
    94 | D        | Found a glowing silver altar of Zin.
    94 | D        | Found a glowing golden altar of the Shining One.
    94 | D        | Found an ancient bone altar of Kikubaaqudgha.
    94 | D        | Found a basalt altar of Yredelemnul.
    94 | D        | Found a shimmering altar of Xom.
    94 | D        | Found a radiant altar of Vehumet.
    95 | D        | Found an iron altar of Okawaru.
    96 | D        | Found a burning altar of Makhleb.
    97 | D        | Found a deep blue altar of Sif Muna.
    98 | D        | Found a bloodstained altar of Trog.
    99 | D        | Found a sparkling altar of Nemelex Xobeh.
   100 | D        | Found a white marble altar of Elyvilon.
   101 | D        | Found a roughly hewn altar of Beogh.
   102 | D        | Found a viscous altar of Jiyva.
   103 | D        | Became a worshipper of Warmaster Okawaru
   104 | D        | Found a corrupted altar of Lugonu.
   105 | D        | Found a blossoming altar of Fedhas.
   106 | D        | Found a snail-covered altar of Cheibriados.
   107 | D        | Found a shadowy altar of Dithmenos.
   108 | D        | Found a stormy altar of Qazlal.
   109 | D        | Found an opulent altar of Gozag.
   110 | D        | Found a sacrificial altar of Ru.
   213 | D        | Noticed a worker ant
   213 | D        | Noticed a necrophage
   213 | D        | Noticed a hound
   219 | D        | Killed a worker ant
   225 | D        | Killed a necrophage
   225 | D        | Reached skill level 7 in Shields
   225 | D        | Reached XP level 5. HP: 32/37 MP: 5/5
   228 | D        | Killed a hound
   228 | D        | Reached XP level 6. HP: 37/42 MP: 6/6
   267 | D        | Noticed a mottled dragon
   267 | D        | Noticed a crimson imp
   267 | D        | Noticed a scorpion
   267 | D        | Noticed a wraith
   276 | D        | Killed a mottled dragon
   276 | D        | Acquired Okawaru's first power
   276 | D        | Reached skill level 5 in Maces & Flails
   276 | D        | Reached skill level 5 in Dodging
   276 | D        | Reached skill level 8 in Shields
   278 | D        | Incinerated by a mottled dragon

Action                   |  1- 3 |  4- 6 || total
-------------------------+-------+-------++-------
Melee: Flail             |    44 |    22 ||    66
       Dire flail        |       |    21 ||    21
  Use: Potion            |       |     4 ||     4
